[ PARTIDA AOE2 · #476352654 ]
Team RMFrancos vs Ethiopians
[ ANÁLISIS DE REPETICIÓN · EXTRAÍDO DE LA PARTIDA GRABADA ]
Feudal
8:31
Castillos
20:57
Imperial
—
| APM promedio | 46.4 |
| APM pico | 91 |
| eAPM promedio | 24.6 |
| Aldeanos / militares | 116 / 96 |
Foco
⚔️ 53.0% · 🌾 47.0%
Knight ×90 · Scout Cavalry ×6
Feudal
8:53
Castillos
21:45
Imperial
—
| APM promedio | 63.8 |
| APM pico | 103 |
| eAPM promedio | 26.5 |
| Aldeanos / militares | 101 / 77 |
Foco
⚔️ 28.0% · 🌾 72.0%
Archer ×75 · Cavalry Archer ×1 · Mangonel ×1
Feudal
13:19
Castillos
—
Imperial
—
| APM promedio | 44.3 |
| APM pico | 89 |
| eAPM promedio | 23.3 |
| Aldeanos / militares | 65 / 17 |
Foco
⚔️ 25.3% · 🌾 74.7%
Militia ×17
Feudal
8:56
Castillos
25:31
Imperial
—
| APM promedio | 53.9 |
| APM pico | 101 |
| eAPM promedio | 20.6 |
| Aldeanos / militares | 86 / 75 |
Foco
⚔️ 34.3% · 🌾 65.7%
Archer ×67 · Spearman ×8
Feudal
10:56
Castillos
14:27
Imperial
34:47
| APM promedio | 42.5 |
| APM pico | 63 |
| eAPM promedio | 21.3 |
| Aldeanos / militares | 116 / 92 |
Foco
⚔️ 28.5% · 🌾 71.5%
Knight ×92
Feudal
8:58
Castillos
23:40
Imperial
—
| APM promedio | 40.8 |
| APM pico | 68 |
| eAPM promedio | 18.0 |
| Aldeanos / militares | 113 / 45 |
Foco
⚔️ 34.3% · 🌾 65.7%
Knight ×28 · Scout Cavalry ×16 · Spearman ×1
Feudal
8:43
Castillos
20:48
Imperial
—
| APM promedio | 33.3 |
| APM pico | 79 |
| eAPM promedio | 15.7 |
| Aldeanos / militares | 122 / 67 |
Foco
⚔️ 26.5% · 🌾 73.5%
Knight ×52 · Scout Cavalry ×15
Feudal
10:34
Castillos
14:54
Imperial
—
| APM promedio | 48.6 |
| APM pico | 78 |
| eAPM promedio | 16.5 |
| Aldeanos / militares | 77 / 78 |
Foco
⚔️ 34.0% · 🌾 66.0%
Archer ×77 · Mangonel ×1
Mapa de la partida
Recursos iniciales + cada clic de construcción. Líneas = muros · curvas = relieve. ◆ oro · ⬟ piedra · ● bayas · ✦ reliquia · ◌ hueco del cierre
Tu base· ✓ Cerrada en 20:57 · 46t muro · 1 puerta(s)
Base de iPink· Abierta — hueco de 6t
Base de watsons_water· ✓ Cerrada en 35:14 · 52t muro · 8 puerta(s)
Base de Didi· ✓ Cerrada en 25:31 · 26t muro · 3 puerta(s)
Base de Čiko· Abierta — flanco sin cerrar
Base de ARKINE· Abierta — flanco sin cerrar
Base de OX | EleveN· Abierta — hueco de 7t
Base de Noxx· ✓ Cerrada en 14:54 · 42t muro · sin puerta
Terreno inicial suavizado · ◌ = hueco del cierre detectado · pasá el cursor para detalles
Inputs por minuto
— Tempest - - iPink
Build order — Tempest
Primeras 150 de 343 acciones detectadas
| 0:01 | Crear | Villager (Male) |
| 0:02 | Crear | Villager (Male) |
| 0:02 | Crear | Villager (Male) |
| 0:04 | Construir | House |
| 0:05 | Construir | House |
| 0:07 | Crear | Villager (Male) |
| 0:08 | Crear | Villager (Male) |
| 1:26 | Crear | Villager (Male) |
| 1:26 | Crear | Villager (Male) |
| 1:57 | Construir | Lumber Camp |
| 2:03 | Crear | Villager (Male) |
| 2:04 | Crear | Villager (Male) |
| 2:20 | Crear | Villager (Male) |
| 2:21 | Crear | Villager (Male) |
| 2:49 | Crear | Villager (Male) |
| 3:12 | Crear | Villager (Male) |
| 3:12 | Crear | Villager (Male) |
| 3:26 | Construir | House |
| 3:39 | Crear | Villager (Male) |
| 4:01 | Crear | Villager (Male) |
| 4:02 | Crear | Villager (Male) |
| 4:02 | Crear | Villager (Male) |
| 4:40 | Construir | Mill |
| 4:57 | Crear | Villager (Male) |
| 4:57 | Crear | Villager (Male) |
| 5:42 | Investigar | Loom |
| 5:42 | Investigar | Loom |
| 6:21 | Investigar | Feudal Age |
| 7:27 | Construir | Barracks |
| 8:26 | Crear | Villager (Male) |
| 8:31 | Edad | Edad Feudal |
| 8:45 | Construir | Stable |
| 8:48 | Crear | Villager (Male) |
| 9:07 | Crear | Villager (Male) |
| 9:18 | Investigar | Double-Bit Axe |
| 9:22 | Construir | House |
| 9:36 | Construir | House |
| 9:39 | Investigar | Town Watch |
| 9:39 | Investigar | Town Watch |
| 9:50 | Construir | House |
| 9:54 | Construir | Palisade Wall |
| 9:57 | Construir | House |
| 10:00 | Construir | House |
| 10:01 | Crear | Scout Cavalry |
| 10:01 | Crear | Scout Cavalry |
| 10:02 | Crear | Scout Cavalry |
| 10:05 | Crear | Villager (Male) |
| 10:26 | Crear | Villager (Male) |
| 10:37 | Construir | Palisade Wall |
| 10:39 | Construir | Palisade Wall |
| 10:43 | Construir | Palisade Wall |
| 10:49 | Crear | Scout Cavalry |
| 10:55 | Construir | Palisade Wall |
| 11:08 | Crear | Villager (Male) |
| 11:09 | Crear | Villager (Male) |
| 11:12 | Construir | Farm |
| 11:13 | Construir | Farm |
| 11:20 | Construir | House |
| 11:23 | Construir | Palisade Wall |
| 11:26 | Crear | Villager (Male) |
| 11:37 | Construir | Farm |
| 11:39 | Construir | Farm |
| 11:41 | Crear | Villager (Male) |
| 12:15 | Crear | Villager (Male) |
| 12:34 | Construir | Palisade Wall |
| 12:40 | Crear | Scout Cavalry |
| 12:42 | Crear | Villager (Male) |
| 12:42 | Crear | Villager (Male) |
| 12:44 | Construir | Farm |
| 12:56 | Crear | Villager (Male) |
| 13:04 | Crear | Villager (Male) |
| 13:18 | Crear | Villager (Male) |
| 13:20 | Construir | House |
| 13:33 | Construir | House |
| 13:35 | Construir | Palisade Wall |
| 13:56 | Construir | Farm |
| 14:14 | Crear | Villager (Male) |
| 14:25 | Crear | Scout Cavalry |
| 14:33 | Construir | Blacksmith |
| 14:36 | Construir | Market |
| 14:40 | Construir | Mining Camp |
| 14:49 | Crear | Villager (Male) |
| 15:17 | Investigar | Wheelbarrow |
| 15:17 | Investigar | Wheelbarrow |
| 15:40 | Construir | Farm |
| 15:41 | Construir | Farm |
| 15:42 | Construir | Farm |
| 16:31 | Construir | Farm |
| 16:33 | Construir | Farm |
| 16:43 | Investigar | Forging |
| 16:43 | Investigar | Forging |
| 16:44 | Crear | Villager (Male) |
| 17:12 | Crear | Villager (Male) |
| 17:24 | Construir | Farm |
| 17:25 | Construir | Farm |
| 17:33 | Crear | Villager (Male) |
| 17:48 | Construir | Farm |
| 18:17 | Investigar | Castle Age |
| 18:18 | Investigar | Castle Age |
| 18:32 | Construir | Stable |
| 18:43 | Investigar | Scale Barding Armor |
| 18:43 | Investigar | Scale Barding Armor |
| 18:49 | Construir | Farm |
| 18:51 | Investigar | Gold Mining |
| 18:51 | Investigar | Gold Mining |
| 19:10 | Construir | House |
| 19:12 | Construir | House |
| 19:21 | Construir | Palisade Gate |
| 20:05 | Construir | Farm |
| 20:57 | Edad | Edad de los Castillos |
| 20:59 | Crear | Knight |
| 20:59 | Crear | Knight |
| 21:02 | Crear | Knight |
| 21:05 | Crear | Villager (Male) |
| 21:06 | Investigar | Chain Barding Armor |
| 21:11 | Investigar | Bow Saw |
| 21:11 | Investigar | Bow Saw |
| 21:11 | Investigar | Bow Saw |
| 21:14 | Crear | Villager (Male) |
| 21:19 | Crear | Knight |
| 21:19 | Crear | Knight |
| 21:34 | Crear | Knight |
| 21:34 | Crear | Knight |
| 21:46 | Construir | Farm |
| 21:50 | Crear | Knight |
| 21:50 | Crear | Knight |
| 21:50 | Crear | Knight |
| 21:54 | Crear | Villager (Male) |
| 22:00 | Construir | Town Center |
| 22:11 | Crear | Knight |
| 22:11 | Crear | Knight |
| 22:19 | Crear | Knight |
| 22:19 | Crear | Knight |
| 22:19 | Crear | Knight |
| 22:22 | Crear | Villager (Male) |
| 22:41 | Crear | Knight |
| 22:41 | Crear | Knight |
| 22:55 | Crear | Villager (Male) |
| 23:08 | Crear | Knight |
| 23:08 | Crear | Knight |
| 23:08 | Crear | Knight |
| 23:16 | Crear | Villager (Male) |
| 23:31 | Crear | Villager (Male) |
| 23:51 | Crear | Knight |
| 23:51 | Crear | Knight |
| 23:51 | Crear | Knight |
| 24:04 | Crear | Knight |
| 24:11 | Crear | Villager (Male) |
| 24:57 | Crear | Knight |
| 24:57 | Crear | Knight |
Build order — iPink
Primeras 150 de 289 acciones detectadas
| 0:01 | Crear | Villager (Male) |
| 0:02 | Crear | Villager (Male) |
| 0:03 | Construir | House |
| 0:06 | Construir | House |
| 0:11 | Crear | Villager (Male) |
| 0:11 | Crear | Villager (Male) |
| 1:19 | Crear | Villager (Male) |
| 1:19 | Crear | Villager (Male) |
| 1:49 | Crear | Villager (Male) |
| 1:50 | Crear | Villager (Male) |
| 2:02 | Construir | Lumber Camp |
| 2:02 | Crear | Villager (Male) |
| 2:02 | Crear | Villager (Male) |
| 2:30 | Crear | Villager (Male) |
| 2:44 | Crear | Villager (Male) |
| 2:44 | Crear | Villager (Male) |
| 3:07 | Crear | Villager (Male) |
| 3:07 | Crear | Villager (Male) |
| 3:21 | Crear | Villager (Male) |
| 3:21 | Crear | Villager (Male) |
| 3:49 | Crear | Villager (Male) |
| 3:50 | Crear | Villager (Male) |
| 3:52 | Construir | House |
| 4:25 | Construir | House |
| 4:54 | Crear | Villager (Male) |
| 4:54 | Crear | Villager (Male) |
| 4:56 | Construir | Mining Camp |
| 4:57 | Crear | Villager (Male) |
| 4:57 | Crear | Villager (Male) |
| 5:55 | Investigar | Loom |
| 6:43 | Investigar | Feudal Age |
| 6:44 | Investigar | Feudal Age |
| 7:45 | Construir | Barracks |
| 8:51 | Construir | Palisade Wall |
| 8:53 | Edad | Edad Feudal |
| 8:57 | Crear | Villager (Male) |
| 8:59 | Investigar | Double-Bit Axe |
| 8:59 | Investigar | Double-Bit Axe |
| 9:10 | Construir | Archery Range |
| 9:14 | Construir | Archery Range |
| 9:15 | Crear | Villager (Male) |
| 9:31 | Construir | House |
| 9:40 | Crear | Villager (Male) |
| 10:04 | Construir | House |
| 10:06 | Crear | Archer |
| 10:11 | Crear | Villager (Male) |
| 10:18 | Construir | Blacksmith |
| 10:24 | Crear | Villager (Male) |
| 10:37 | Crear | Archer |
| 10:39 | Crear | Archer |
| 10:50 | Crear | Villager (Male) |
| 11:01 | Crear | Archer |
| 11:01 | Crear | Archer |
| 11:07 | Construir | House |
| 11:13 | Crear | Villager (Male) |
| 11:26 | Crear | Villager (Male) |
| 11:41 | Construir | House |
| 11:45 | Investigar | Fletching |
| 12:19 | Crear | Archer |
| 12:25 | Construir | Palisade Wall |
| 12:33 | Crear | Archer |
| 12:34 | Crear | Archer |
| 12:34 | Crear | Villager (Male) |
| 12:42 | Construir | Mill |
| 13:00 | Crear | Archer |
| 13:00 | Crear | Archer |
| 13:19 | Crear | Archer |
| 13:19 | Crear | Archer |
| 13:20 | Crear | Villager (Male) |
| 13:52 | Crear | Villager (Male) |
| 13:54 | Crear | Archer |
| 13:54 | Crear | Archer |
| 13:55 | Crear | Villager (Male) |
| 14:01 | Construir | House |
| 14:05 | Construir | Farm |
| 14:05 | Construir | Farm |
| 14:05 | Construir | Farm |
| 14:06 | Construir | Farm |
| 14:12 | Crear | Archer |
| 14:12 | Crear | Archer |
| 14:35 | Crear | Villager (Male) |
| 14:36 | Crear | Archer |
| 14:36 | Crear | Archer |
| 14:38 | Construir | Farm |
| 14:44 | Construir | House |
| 15:01 | Crear | Archer |
| 15:01 | Crear | Archer |
| 15:02 | Crear | Villager (Male) |
| 15:03 | Construir | Farm |
| 15:04 | Crear | Villager (Male) |
| 15:25 | Crear | Archer |
| 15:25 | Crear | Archer |
| 15:39 | Crear | Archer |
| 15:40 | Crear | Villager (Male) |
| 15:42 | Construir | Farm |
| 15:52 | Construir | Farm |
| 15:55 | Construir | House |
| 16:14 | Crear | Archer |
| 16:15 | Crear | Archer |
| 16:21 | Construir | Farm |
| 16:35 | Investigar | Wheelbarrow |
| 17:10 | Crear | Archer |
| 17:16 | Construir | Farm |
| 17:35 | Crear | Archer |
| 17:35 | Crear | Archer |
| 17:40 | Construir | Farm |
| 17:59 | Construir | Palisade Wall |
| 18:42 | Construir | Lumber Camp |
| 18:56 | Construir | Stone Wall |
| 19:05 | Investigar | Castle Age |
| 19:06 | Investigar | Castle Age |
| 19:09 | Crear | Archer |
| 19:27 | Construir | Palisade Wall |
| 19:31 | Crear | Archer |
| 19:31 | Crear | Archer |
| 19:48 | Crear | Archer |
| 19:48 | Crear | Archer |
| 21:45 | Edad | Edad de los Castillos |
| 21:49 | Investigar | Crossbowman (upgrade) |
| 21:50 | Investigar | Crossbowman (upgrade) |
| 21:50 | Investigar | Crossbowman (upgrade) |
| 21:51 | Investigar | Bodkin Arrow |
| 21:52 | Investigar | Bodkin Arrow |
| 21:52 | Investigar | Bodkin Arrow |
| 21:55 | Crear | Villager (Male) |
| 21:58 | Investigar | Bow Saw |
| 21:59 | Investigar | Bow Saw |
| 22:18 | Crear | Villager (Male) |
| 22:34 | Construir | Lumber Camp |
| 22:36 | Crear | Villager (Male) |
| 22:41 | Crear | Villager (Male) |
| 23:41 | Crear | Villager (Male) |
| 23:46 | Crear | Villager (Male) |
| 24:05 | Crear | Villager (Male) |
| 24:06 | Crear | Villager (Male) |
| 24:31 | Construir | Town Center |
| 24:35 | Crear | Villager (Male) |
| 25:01 | Crear | Archer |
| 25:02 | Crear | Archer |
| 25:02 | Crear | Villager (Male) |
| 25:03 | Crear | Villager (Male) |
| 25:17 | Crear | Villager (Male) |
| 25:36 | Crear | Villager (Male) |
| 25:38 | Construir | Farm |
| 25:38 | Construir | Farm |
| 25:48 | Crear | Villager (Male) |
| 26:05 | Construir | University |
| 26:10 | Crear | Archer |
| 26:10 | Crear | Archer |
| 26:11 | Crear | Villager (Male) |
Build order — watsons_water
Primeras 150 de 187 acciones detectadas
| 0:01 | Crear | Villager (Male) ×4 |
| 0:02 | Crear | Villager (Male) ×4 |
| 0:03 | Construir | House |
| 0:04 | Construir | House |
| 1:26 | Crear | Villager (Male) |
| 1:26 | Crear | Villager (Male) |
| 1:47 | Construir | Lumber Camp |
| 2:00 | Crear | Villager (Male) |
| 2:01 | Crear | Villager (Male) |
| 2:23 | Crear | Villager (Male) |
| 2:23 | Crear | Villager (Male) |
| 2:46 | Crear | Villager (Male) |
| 3:10 | Crear | Villager (Male) |
| 3:31 | Construir | House |
| 3:43 | Crear | Villager (Male) |
| 3:43 | Crear | Villager (Male) |
| 4:14 | Crear | Villager (Male) |
| 4:15 | Crear | Villager (Male) |
| 4:15 | Crear | Villager (Male) |
| 4:45 | Construir | Mining Camp |
| 5:28 | Crear | Villager (Male) |
| 5:28 | Crear | Villager (Male) |
| 5:56 | Crear | Villager (Male) |
| 6:09 | Investigar | Loom |
| 6:26 | Construir | Barracks |
| 6:47 | Construir | House |
| 6:48 | Crear | Villager (Male) |
| 7:22 | Crear | Villager (Male) |
| 7:30 | Crear | Militia |
| 7:31 | Crear | Militia |
| 7:45 | Construir | House |
| 7:53 | Crear | Villager (Male) |
| 8:01 | Crear | Militia |
| 8:04 | Construir | House |
| 8:26 | Crear | Villager (Male) |
| 8:58 | Crear | Villager (Male) |
| 9:23 | Crear | Villager (Male) |
| 9:35 | Construir | Mill |
| 9:43 | Construir | House |
| 9:58 | Crear | Villager (Male) |
| 10:50 | Construir | Farm |
| 10:50 | Construir | Farm |
| 10:52 | Construir | Farm |
| 11:09 | Investigar | Feudal Age |
| 11:09 | Investigar | Feudal Age |
| 11:41 | Construir | House |
| 11:45 | Construir | Palisade Gate |
| 11:50 | Construir | Palisade Wall |
| 11:56 | Construir | Palisade Wall |
| 12:03 | Construir | Palisade Wall |
| 12:12 | Construir | Palisade Wall |
| 12:31 | Construir | Palisade Wall |
| 13:15 | Crear | Militia |
| 13:19 | Edad | Edad Feudal |
| 13:21 | Crear | Villager (Male) |
| 13:27 | Crear | Villager (Male) |
| 13:39 | Construir | Blacksmith |
| 13:50 | Crear | Militia |
| 13:56 | Investigar | Man-at-Arms (upgrade) |
| 14:06 | Crear | Villager (Male) |
| 14:13 | Investigar | Scale Mail Armor |
| 14:13 | Investigar | Scale Mail Armor |
| 14:24 | Crear | Villager (Male) |
| 14:45 | Construir | Watch Tower |
| 14:50 | Crear | Militia |
| 15:02 | Construir | House |
| 15:08 | Crear | Villager (Male) |
| 15:20 | Construir | House |
| 15:25 | Crear | Villager (Male) |
| 15:32 | Construir | Farm |
| 15:33 | Construir | Farm |
| 15:46 | Construir | Farm |
| 15:47 | Construir | Farm |
| 15:53 | Crear | Militia |
| 16:07 | Construir | Farm |
| 16:27 | Crear | Militia |
| 16:30 | Crear | Villager (Male) |
| 16:49 | Crear | Villager (Male) |
| 16:51 | Crear | Militia |
| 17:01 | Construir | Farm |
| 17:03 | Construir | Farm |
| 17:20 | Investigar | Forging |
| 17:20 | Investigar | Forging |
| 17:26 | Construir | Farm |
| 17:27 | Construir | Farm |
| 17:28 | Construir | Farm |
| 17:29 | Construir | Farm |
| 17:34 | Crear | Militia |
| 17:50 | Construir | Farm |
| 17:51 | Construir | Farm |
| 17:53 | Crear | Militia |
| 17:58 | Crear | Villager (Male) |
| 18:15 | Construir | Farm |
| 18:16 | Construir | Farm |
| 18:21 | Crear | Militia |
| 18:34 | Crear | Villager (Male) |
| 18:45 | Construir | Farm |
| 18:55 | Crear | Militia |
| 19:06 | Crear | Villager (Male) |
| 19:24 | Construir | Market |
| 19:35 | Crear | Militia |
| 19:35 | Crear | Villager (Male) |
| 19:47 | Construir | Palisade Gate |
| 19:49 | Construir | Palisade Gate |
| 19:56 | Construir | Palisade Gate |
| 20:03 | Crear | Villager (Male) |
| 20:12 | Crear | Villager (Male) |
| 20:20 | Crear | Militia |
| 20:33 | Crear | Militia |
| 20:35 | Construir | House |
| 21:01 | Construir | Palisade Gate |
| 21:42 | Construir | House |
| 21:53 | Crear | Militia |
| 22:14 | Crear | Villager (Male) |
| 22:15 | Crear | Villager (Male) |
| 22:17 | Construir | Barracks |
| 22:38 | Construir | Palisade Wall |
| 22:39 | Construir | Palisade Wall |
| 22:57 | Construir | House |
| 23:02 | Construir | Palisade Gate |
| 23:14 | Construir | Palisade Wall |
| 23:17 | Crear | Villager (Male) |
| 23:40 | Construir | Palisade Gate |
| 23:52 | Construir | Palisade Wall |
| 23:53 | Construir | Palisade Wall |
| 23:58 | Construir | House |
| 24:04 | Construir | Palisade Gate |
| 24:33 | Construir | Farm |
| 24:34 | Construir | Farm |
| 24:34 | Construir | Farm |
| 24:34 | Construir | Farm |
| 24:34 | Construir | Farm |
| 24:34 | Construir | Farm |
| 24:35 | Construir | Farm |
| 24:35 | Construir | Farm |
| 24:46 | Construir | Palisade Gate |
| 25:03 | Construir | Lumber Camp |
| 27:05 | Construir | Town Center |
| 29:13 | Crear | Villager (Male) |
| 29:13 | Crear | Villager (Male) |
| 29:13 | Crear | Villager (Male) |
| 29:13 | Crear | Villager (Male) |
| 29:15 | Construir | Farm |
| 29:16 | Construir | Farm |
| 29:25 | Investigar | Horse Collar |
| 29:29 | Construir | Farm |
| 29:30 | Construir | Farm |
| 29:41 | Construir | Farm |
| 29:43 | Construir | Farm |
| 29:46 | Construir | Farm |
Build order — Didi
Primeras 150 de 261 acciones detectadas
| 0:04 | Crear | Villager (Male) ×4 |
| 0:04 | Crear | Villager (Male) ×4 |
| 0:05 | Construir | House |
| 0:07 | Construir | House |
| 1:38 | Crear | Villager (Male) |
| 2:10 | Crear | Villager (Male) |
| 2:11 | Crear | Villager (Male) |
| 2:11 | Crear | Villager (Male) |
| 2:15 | Construir | Lumber Camp |
| 2:17 | Crear | Villager (Male) |
| 2:17 | Crear | Villager (Male) |
| 2:55 | Crear | Villager (Male) |
| 3:01 | Crear | Villager (Male) |
| 3:01 | Crear | Villager (Male) |
| 3:27 | Crear | Villager (Male) |
| 3:27 | Crear | Villager (Male) |
| 3:40 | Crear | Villager (Male) |
| 3:59 | Crear | Villager (Male) |
| 4:03 | Construir | House |
| 4:04 | Construir | House |
| 4:11 | Construir | Palisade Wall |
| 4:13 | Construir | Palisade Wall |
| 4:18 | Crear | Villager (Male) |
| 4:18 | Crear | Villager (Male) |
| 5:25 | Crear | Villager (Male) |
| 5:54 | Crear | Villager (Male) |
| 5:55 | Investigar | Loom |
| 6:04 | Construir | Mining Camp |
| 6:43 | Investigar | Feudal Age |
| 6:43 | Investigar | Feudal Age |
| 7:17 | Construir | Palisade Gate |
| 7:20 | Construir | Palisade Gate |
| 7:22 | Construir | House |
| 7:29 | Construir | House |
| 7:32 | Construir | Palisade Wall |
| 8:11 | Construir | Barracks |
| 8:49 | Construir | House |
| 8:52 | Construir | Palisade Wall |
| 8:56 | Edad | Edad Feudal |
| 8:58 | Crear | Villager (Male) |
| 9:00 | Investigar | Double-Bit Axe |
| 9:01 | Crear | Villager (Male) |
| 9:28 | Construir | Archery Range |
| 9:42 | Construir | Palisade Gate |
| 10:20 | Crear | Archer |
| 10:24 | Construir | Blacksmith |
| 10:44 | Crear | Archer |
| 11:06 | Construir | House |
| 11:07 | Construir | Palisade Wall |
| 11:10 | Investigar | Fletching |
| 11:42 | Construir | Archery Range |
| 11:44 | Crear | Archer |
| 11:46 | Crear | Villager (Male) |
| 11:52 | Construir | Palisade Wall |
| 11:58 | Crear | Archer |
| 12:05 | Crear | Archer |
| 12:23 | Crear | Archer |
| 12:39 | Construir | House |
| 12:45 | Crear | Archer |
| 12:45 | Crear | Archer |
| 13:06 | Construir | Palisade Wall |
| 13:11 | Construir | Mill |
| 13:14 | Crear | Archer |
| 13:25 | Crear | Villager (Male) |
| 13:26 | Crear | Villager (Male) |
| 13:34 | Crear | Archer |
| 14:03 | Crear | Spearman |
| 14:04 | Crear | Spearman |
| 14:23 | Construir | Farm |
| 14:24 | Crear | Archer |
| 14:24 | Crear | Archer |
| 14:27 | Crear | Archer |
| 14:44 | Crear | Villager (Male) |
| 14:46 | Crear | Archer |
| 14:51 | Crear | Spearman |
| 14:51 | Crear | Spearman |
| 15:14 | Construir | House |
| 15:15 | Construir | House |
| 15:32 | Crear | Spearman |
| 15:38 | Crear | Archer |
| 15:46 | Crear | Villager (Male) |
| 15:50 | Construir | Lumber Camp |
| 15:52 | Construir | Palisade Wall |
| 16:11 | Crear | Archer |
| 16:11 | Crear | Archer |
| 16:18 | Construir | House |
| 16:30 | Crear | Archer |
| 16:30 | Crear | Archer |
| 16:31 | Crear | Villager (Male) |
| 16:32 | Crear | Villager (Male) |
| 16:36 | Construir | Farm |
| 16:37 | Construir | Farm |
| 16:50 | Crear | Spearman |
| 17:01 | Construir | Farm |
| 17:03 | Crear | Villager (Male) |
| 17:29 | Crear | Spearman |
| 17:53 | Crear | Villager (Male) |
| 17:56 | Construir | House |
| 17:56 | Construir | House |
| 18:14 | Construir | Market |
| 18:22 | Crear | Villager (Male) |
| 18:24 | Construir | Farm |
| 18:40 | Crear | Villager (Male) |
| 18:52 | Crear | Spearman |
| 18:55 | Construir | Palisade Gate |
| 18:59 | Crear | Villager (Male) |
| 19:02 | Construir | House |
| 19:12 | Investigar | Padded Archer Armor |
| 19:31 | Crear | Villager (Male) |
| 20:35 | Crear | Archer |
| 20:35 | Crear | Archer |
| 21:27 | Crear | Archer |
| 21:27 | Crear | Archer |
| 21:29 | Crear | Archer |
| 21:31 | Construir | Farm |
| 21:33 | Construir | Farm |
| 21:33 | Construir | Farm |
| 21:36 | Crear | Archer |
| 21:37 | Crear | Archer |
| 21:42 | Construir | Farm |
| 22:51 | Investigar | Castle Age |
| 22:52 | Crear | Archer |
| 22:52 | Crear | Archer |
| 23:13 | Crear | Archer |
| 23:13 | Crear | Archer |
| 23:19 | Crear | Archer |
| 23:39 | Crear | Archer |
| 23:39 | Crear | Archer |
| 23:55 | Crear | Archer |
| 24:25 | Crear | Archer |
| 24:35 | Crear | Archer |
| 24:44 | Crear | Archer |
| 24:48 | Crear | Villager (Male) |
| 24:57 | Construir | Archery Range |
| 24:58 | Crear | Villager (Male) |
| 25:00 | Construir | Lumber Camp |
| 25:02 | Construir | House |
| 25:02 | Construir | House |
| 25:08 | Crear | Archer |
| 25:14 | Investigar | Gold Mining |
| 25:31 | Edad | Edad de los Castillos |
| 25:37 | Investigar | Bodkin Arrow |
| 25:37 | Investigar | Bodkin Arrow |
| 25:45 | Construir | House |
| 25:46 | Construir | Palisade Wall |
| 25:54 | Crear | Villager (Male) |
| 26:08 | Investigar | Crossbowman (upgrade) |
| 26:20 | Crear | Villager (Male) |
| 26:33 | Crear | Archer |
| 26:43 | Crear | Villager (Male) |
Build order — Čiko
Primeras 150 de 341 acciones detectadas
| 0:01 | Crear | Villager (Male) |
| 0:01 | Crear | Villager (Male) |
| 0:02 | Construir | House |
| 0:03 | Construir | House |
| 0:10 | Crear | Villager (Male) |
| 0:11 | Crear | Villager (Male) |
| 1:20 | Crear | Villager (Male) |
| 2:01 | Crear | Villager (Male) |
| 2:01 | Crear | Villager (Male) |
| 2:22 | Crear | Villager (Male) |
| 2:41 | Crear | Villager (Male) |
| 2:42 | Crear | Villager (Male) |
| 2:56 | Construir | Lumber Camp |
| 2:58 | Crear | Villager (Male) |
| 2:59 | Crear | Villager (Male) |
| 3:21 | Crear | Villager (Male) |
| 3:21 | Crear | Villager (Male) |
| 3:39 | Crear | Villager (Male) |
| 3:39 | Crear | Villager (Male) |
| 3:50 | Crear | Villager (Male) |
| 4:04 | Construir | House |
| 4:24 | Construir | Mill |
| 4:36 | Crear | Villager (Male) |
| 4:36 | Crear | Villager (Male) |
| 4:47 | Crear | Villager (Male) |
| 5:05 | Crear | Villager (Male) |
| 5:32 | Crear | Villager (Male) |
| 5:57 | Construir | House |
| 6:08 | Crear | Villager (Male) |
| 6:24 | Crear | Villager (Male) |
| 6:31 | Construir | House |
| 6:34 | Construir | Palisade Wall |
| 6:37 | Crear | Villager (Male) |
| 6:41 | Crear | Villager (Male) |
| 6:41 | Crear | Villager (Male) |
| 6:58 | Crear | Villager (Male) |
| 7:40 | Crear | Villager (Male) |
| 8:02 | Construir | Mining Camp |
| 8:06 | Investigar | Loom |
| 8:30 | Investigar | Feudal Age |
| 9:23 | Crear | Villager (Male) |
| 9:24 | Crear | Villager (Male) |
| 9:33 | Construir | House |
| 9:35 | Construir | House |
| 9:37 | Crear | Villager (Male) |
| 9:46 | Construir | Palisade Wall |
| 9:50 | Crear | Villager (Male) |
| 10:56 | Edad | Edad Feudal |
| 10:59 | Construir | Market |
| 11:02 | Construir | Blacksmith |
| 11:07 | Investigar | Double-Bit Axe |
| 11:47 | Investigar | Castle Age |
| 12:01 | Construir | Palisade Wall |
| 12:02 | Construir | Palisade Gate |
| 12:19 | Investigar | Horse Collar |
| 12:28 | Construir | Farm |
| 12:36 | Construir | Farm |
| 13:35 | Construir | Barracks |
| 13:56 | Crear | Villager (Male) |
| 13:56 | Crear | Villager (Male) |
| 14:27 | Edad | Edad de los Castillos |
| 14:28 | Construir | Stable |
| 14:32 | Construir | Stable |
| 14:50 | Investigar | Scale Barding Armor |
| 14:52 | Crear | Villager (Male) |
| 15:01 | Construir | Farm |
| 15:03 | Construir | Farm |
| 15:10 | Construir | Farm |
| 15:14 | Construir | Palisade Wall |
| 15:22 | Crear | Villager (Male) |
| 15:27 | Crear | Knight |
| 15:27 | Crear | Knight |
| 15:49 | Construir | Farm |
| 15:54 | Construir | Farm |
| 15:59 | Crear | Knight |
| 16:01 | Crear | Villager (Male) |
| 16:02 | Crear | Knight |
| 16:14 | Crear | Villager (Male) |
| 16:17 | Crear | Knight |
| 16:23 | Construir | Farm |
| 16:29 | Crear | Knight |
| 16:37 | Construir | Farm |
| 16:38 | Crear | Villager (Male) |
| 16:54 | Construir | Farm |
| 17:09 | Crear | Villager (Male) |
| 17:12 | Construir | House |
| 17:13 | Construir | House |
| 17:30 | Crear | Villager (Male) |
| 17:31 | Construir | Farm |
| 17:32 | Construir | Farm |
| 17:44 | Crear | Knight |
| 17:56 | Crear | Villager (Male) |
| 18:21 | Crear | Villager (Male) |
| 18:29 | Construir | Town Center |
| 18:29 | Crear | Villager (Male) |
| 18:40 | Investigar | Bow Saw |
| 18:40 | Investigar | Bow Saw |
| 19:01 | Crear | Villager (Male) |
| 19:01 | Crear | Villager (Male) |
| 19:06 | Construir | House |
| 19:07 | Construir | House |
| 19:08 | Construir | House |
| 19:09 | Crear | Villager (Male) |
| 19:30 | Crear | Villager (Male) |
| 19:39 | Investigar | Forging |
| 19:42 | Crear | Villager (Male) |
| 19:42 | Crear | Villager (Male) |
| 20:08 | Construir | Farm |
| 20:09 | Construir | Farm |
| 20:09 | Construir | Farm |
| 20:09 | Construir | Farm |
| 20:09 | Construir | Farm |
| 20:10 | Construir | Farm |
| 20:26 | Crear | Villager (Male) |
| 20:27 | Crear | Villager (Male) |
| 20:27 | Crear | Villager (Male) |
| 20:27 | Crear | Villager (Male) |
| 20:28 | Crear | Villager (Male) |
| 20:30 | Construir | Farm |
| 20:30 | Construir | Farm |
| 20:50 | Construir | Farm |
| 20:50 | Construir | Farm |
| 21:13 | Crear | Villager (Male) |
| 21:13 | Crear | Villager (Male) |
| 21:13 | Crear | Villager (Male) |
| 21:15 | Construir | House |
| 21:16 | Construir | House |
| 21:17 | Crear | Knight |
| 21:17 | Crear | Knight |
| 21:32 | Construir | Farm |
| 21:36 | Crear | Knight |
| 21:36 | Crear | Knight |
| 21:41 | Construir | Farm |
| 21:42 | Construir | Farm |
| 21:43 | Construir | Farm |
| 21:44 | Construir | Farm |
| 21:53 | Crear | Villager (Male) |
| 21:53 | Crear | Villager (Male) |
| 21:55 | Crear | Knight |
| 22:13 | Investigar | Iron Casting |
| 22:24 | Construir | House |
| 22:25 | Crear | Villager (Male) |
| 22:25 | Crear | Villager (Male) |
| 22:31 | Construir | Farm |
| 22:31 | Construir | Farm |
| 22:32 | Construir | Farm |
| 22:34 | Construir | Farm |
| 22:34 | Crear | Villager (Male) |
| 22:34 | Crear | Villager (Male) |
| 22:37 | Crear | Villager (Male) |
Build order — ARKINE
Primeras 150 de 277 acciones detectadas
| 0:01 | Crear | Villager (Male) |
| 0:01 | Crear | Villager (Male) |
| 0:03 | Construir | House |
| 0:04 | Construir | House |
| 0:08 | Crear | Villager (Male) |
| 0:09 | Crear | Villager (Male) |
| 0:09 | Crear | Villager (Male) |
| 1:30 | Crear | Villager (Male) |
| 1:30 | Crear | Villager (Male) |
| 2:00 | Crear | Villager (Male) |
| 2:20 | Crear | Villager (Male) |
| 2:20 | Crear | Villager (Male) |
| 2:53 | Crear | Villager (Male) |
| 2:53 | Crear | Villager (Male) |
| 3:03 | Construir | Lumber Camp |
| 3:09 | Crear | Villager (Male) |
| 3:09 | Crear | Villager (Male) |
| 3:25 | Construir | House |
| 3:45 | Crear | Villager (Male) |
| 3:45 | Crear | Villager (Male) |
| 3:46 | Crear | Villager (Male) |
| 4:03 | Crear | Villager (Male) |
| 4:03 | Crear | Villager (Male) |
| 4:03 | Crear | Villager (Male) |
| 4:41 | Crear | Villager (Male) |
| 4:42 | Crear | Villager (Male) |
| 4:42 | Crear | Villager (Male) |
| 5:11 | Crear | Villager (Male) |
| 5:15 | Construir | Mill |
| 6:34 | Investigar | Loom |
| 6:34 | Investigar | Loom |
| 6:48 | Investigar | Feudal Age |
| 7:33 | Construir | House |
| 7:43 | Crear | Villager (Male) |
| 7:56 | Construir | Barracks |
| 8:58 | Edad | Edad Feudal |
| 9:01 | Construir | Stable |
| 9:08 | Investigar | Double-Bit Axe |
| 9:15 | Crear | Villager (Male) |
| 9:31 | Investigar | Horse Collar |
| 9:38 | Crear | Villager (Male) |
| 9:40 | Construir | Farm |
| 9:44 | Construir | House |
| 9:45 | Crear | Scout Cavalry |
| 10:04 | Crear | Villager (Male) |
| 10:07 | Construir | Farm |
| 10:18 | Construir | Farm |
| 10:19 | Construir | Farm |
| 10:38 | Crear | Scout Cavalry |
| 10:41 | Crear | Villager (Male) |
| 10:47 | Construir | House |
| 10:50 | Construir | Farm |
| 11:06 | Crear | Scout Cavalry |
| 11:10 | Construir | Farm |
| 11:22 | Crear | Villager (Male) |
| 11:25 | Construir | Farm |
| 11:40 | Crear | Villager (Male) |
| 11:45 | Construir | Farm |
| 11:49 | Construir | House |
| 11:50 | Construir | Palisade Wall |
| 12:03 | Crear | Villager (Male) |
| 12:08 | Construir | Farm |
| 12:14 | Crear | Villager (Male) |
| 12:23 | Crear | Scout Cavalry |
| 12:31 | Construir | Palisade Wall |
| 12:38 | Crear | Scout Cavalry |
| 13:03 | Construir | Farm |
| 13:08 | Crear | Scout Cavalry |
| 13:08 | Crear | Villager (Male) |
| 13:27 | Construir | Palisade Wall |
| 13:29 | Crear | Scout Cavalry |
| 13:37 | Crear | Scout Cavalry |
| 13:38 | Crear | Villager (Male) |
| 13:42 | Construir | Farm |
| 13:52 | Crear | Villager (Male) |
| 14:14 | Crear | Scout Cavalry |
| 14:19 | Construir | House |
| 14:25 | Crear | Scout Cavalry |
| 14:26 | Crear | Spearman |
| 14:40 | Crear | Villager (Male) |
| 14:45 | Construir | Farm |
| 14:46 | Construir | Farm |
| 14:59 | Crear | Villager (Male) |
| 15:02 | Construir | House |
| 15:04 | Construir | House |
| 15:13 | Construir | Farm |
| 15:15 | Construir | Farm |
| 15:17 | Construir | Farm |
| 15:26 | Crear | Scout Cavalry |
| 15:34 | Crear | Villager (Male) |
| 15:38 | Construir | Farm |
| 15:47 | Construir | Mining Camp |
| 15:55 | Crear | Villager (Male) |
| 16:15 | Construir | Farm |
| 16:18 | Crear | Villager (Male) |
| 16:23 | Investigar | Bloodlines |
| 16:34 | Crear | Villager (Male) |
| 16:53 | Construir | Lumber Camp |
| 17:03 | Crear | Scout Cavalry |
| 17:04 | Crear | Scout Cavalry |
| 17:19 | Crear | Scout Cavalry |
| 17:34 | Investigar | Loom |
| 17:35 | Crear | Villager (Male) |
| 17:35 | Crear | Villager (Male) |
| 17:50 | Crear | Villager (Male) |
| 17:56 | Construir | Palisade Wall |
| 18:05 | Crear | Villager (Male) |
| 18:12 | Construir | Mill |
| 18:16 | Crear | Scout Cavalry |
| 18:28 | Construir | Blacksmith |
| 18:31 | Construir | Palisade Wall |
| 19:30 | Investigar | Scale Barding Armor |
| 19:30 | Investigar | Scale Barding Armor |
| 19:33 | Crear | Villager (Male) |
| 19:35 | Construir | Farm |
| 19:39 | Construir | Farm |
| 20:00 | Construir | Farm |
| 20:03 | Crear | Scout Cavalry |
| 20:35 | Crear | Villager (Male) |
| 20:38 | Construir | Farm |
| 21:00 | Investigar | Castle Age |
| 21:26 | Construir | Palisade Wall |
| 21:39 | Construir | Palisade Wall |
| 21:45 | Construir | House |
| 21:55 | Construir | Palisade Wall |
| 22:35 | Construir | Stable |
| 22:56 | Investigar | Gold Mining |
| 22:56 | Investigar | Gold Mining |
| 23:05 | Construir | Farm |
| 23:33 | Construir | Farm |
| 23:35 | Construir | Farm |
| 23:40 | Edad | Edad de los Castillos |
| 23:43 | Crear | Knight |
| 23:43 | Crear | Knight |
| 23:46 | Investigar | Bow Saw |
| 23:48 | Investigar | Heavy Plow |
| 23:48 | Investigar | Heavy Plow |
| 23:49 | Crear | Villager (Male) |
| 23:58 | Crear | Knight |
| 23:59 | Investigar | Chain Barding Armor |
| 24:02 | Investigar | Husbandry |
| 24:24 | Crear | Knight |
| 24:40 | Crear | Knight |
| 24:41 | Crear | Knight |
| 24:50 | Construir | Town Center |
| 24:54 | Crear | Villager (Male) |
| 24:54 | Crear | Villager (Male) |
| 25:04 | Crear | Knight |
| 25:25 | Crear | Knight |
| 25:25 | Crear | Villager (Male) |
Build order — OX | EleveN
Primeras 150 de 253 acciones detectadas
| 0:02 | Crear | Villager (Male) ×5 |
| 0:02 | Crear | Villager (Male) ×5 |
| 0:03 | Construir | House |
| 0:05 | Construir | House |
| 1:31 | Crear | Villager (Male) |
| 1:54 | Construir | Lumber Camp |
| 2:00 | Crear | Villager (Male) |
| 2:14 | Crear | Villager (Male) |
| 2:49 | Crear | Villager (Male) |
| 3:07 | Crear | Villager (Male) |
| 3:23 | Construir | House |
| 3:27 | Construir | House |
| 3:47 | Crear | Villager (Male) |
| 3:47 | Crear | Villager (Male) |
| 3:48 | Crear | Villager (Male) |
| 4:05 | Construir | Mill |
| 4:39 | Crear | Villager (Male) |
| 4:56 | Crear | Villager (Male) |
| 4:56 | Crear | Villager (Male) |
| 5:40 | Investigar | Loom |
| 6:39 | Investigar | Feudal Age |
| 6:39 | Investigar | Feudal Age |
| 6:39 | Investigar | Feudal Age |
| 6:56 | Construir | Barracks |
| 6:57 | Construir | House |
| 7:21 | Crear | Villager (Male) |
| 7:21 | Crear | Villager (Male) |
| 7:55 | Construir | House |
| 8:43 | Edad | Edad Feudal |
| 8:48 | Construir | Stable |
| 8:53 | Investigar | Double-Bit Axe |
| 9:22 | Crear | Villager (Male) |
| 9:23 | Crear | Villager (Male) |
| 9:23 | Crear | Villager (Male) |
| 9:26 | Crear | Scout Cavalry |
| 9:34 | Construir | House |
| 9:35 | Construir | House |
| 10:03 | Crear | Villager (Male) |
| 10:16 | Crear | Scout Cavalry |
| 10:16 | Crear | Scout Cavalry |
| 10:26 | Crear | Villager (Male) |
| 10:32 | Construir | Farm |
| 10:34 | Construir | Farm |
| 10:36 | Construir | Farm |
| 10:38 | Construir | Farm |
| 10:41 | Construir | Farm |
| 10:43 | Crear | Scout Cavalry |
| 11:00 | Crear | Villager (Male) |
| 11:02 | Construir | Farm |
| 11:04 | Construir | Farm |
| 11:19 | Construir | House |
| 11:20 | Construir | Palisade Gate |
| 11:37 | Crear | Scout Cavalry |
| 11:39 | Crear | Villager (Male) |
| 11:40 | Crear | Villager (Male) |
| 11:43 | Construir | Farm |
| 11:52 | Crear | Villager (Male) |
| 12:05 | Crear | Scout Cavalry |
| 12:15 | Construir | Farm |
| 12:38 | Construir | House |
| 12:38 | Construir | House |
| 12:40 | Construir | Palisade Wall |
| 12:42 | Construir | Palisade Wall |
| 12:47 | Crear | Scout Cavalry |
| 12:48 | Crear | Scout Cavalry |
| 13:00 | Crear | Scout Cavalry |
| 13:01 | Crear | Villager (Male) |
| 13:02 | Crear | Villager (Male) |
| 13:05 | Construir | Farm |
| 13:06 | Construir | Farm |
| 13:07 | Construir | Farm |
| 13:24 | Crear | Scout Cavalry |
| 13:27 | Crear | Villager (Male) |
| 13:27 | Crear | Villager (Male) |
| 13:30 | Construir | Farm |
| 13:51 | Crear | Villager (Male) |
| 13:53 | Construir | Farm |
| 13:54 | Crear | Villager (Male) |
| 13:58 | Construir | Farm |
| 14:17 | Crear | Villager (Male) |
| 14:21 | Construir | Blacksmith |
| 14:22 | Construir | House |
| 14:25 | Crear | Scout Cavalry |
| 14:55 | Crear | Scout Cavalry |
| 14:56 | Crear | Villager (Male) |
| 14:59 | Construir | Farm |
| 15:00 | Construir | Farm |
| 15:05 | Construir | House |
| 15:24 | Crear | Scout Cavalry |
| 15:38 | Crear | Scout Cavalry |
| 15:46 | Crear | Villager (Male) |
| 15:50 | Construir | Mining Camp |
| 15:53 | Construir | House |
| 15:54 | Crear | Villager (Male) |
| 16:20 | Crear | Scout Cavalry |
| 16:36 | Crear | Villager (Male) |
| 17:06 | Construir | House |
| 17:07 | Construir | House |
| 17:16 | Crear | Villager (Male) |
| 17:21 | Construir | Farm |
| 17:23 | Construir | Farm |
| 17:26 | Construir | Farm |
| 17:26 | Construir | Farm |
| 17:44 | Construir | Palisade Wall |
| 17:46 | Construir | Palisade Wall |
| 17:47 | Construir | Palisade Wall |
| 17:56 | Construir | Palisade Wall |
| 17:59 | Construir | Palisade Wall |
| 18:03 | Construir | Palisade Wall |
| 18:06 | Construir | Palisade Wall |
| 18:15 | Construir | House |
| 18:22 | Investigar | Castle Age |
| 18:22 | Investigar | Castle Age |
| 18:40 | Construir | Lumber Camp |
| 19:14 | Investigar | Horse Collar |
| 19:14 | Investigar | Gold Mining |
| 19:14 | Investigar | Gold Mining |
| 19:40 | Construir | Palisade Wall |
| 19:54 | Construir | Palisade Wall |
| 20:17 | Investigar | Wheelbarrow |
| 20:17 | Investigar | Wheelbarrow |
| 20:19 | Investigar | Scale Barding Armor |
| 20:20 | Investigar | Scale Barding Armor |
| 20:21 | Investigar | Bloodlines |
| 20:21 | Investigar | Bloodlines |
| 20:48 | Edad | Edad de los Castillos |
| 20:49 | Investigar | Bow Saw |
| 20:49 | Investigar | Bow Saw |
| 20:51 | Crear | Knight |
| 21:18 | Crear | Villager (Male) |
| 21:18 | Crear | Villager (Male) |
| 21:20 | Crear | Villager (Male) |
| 21:40 | Crear | Knight |
| 21:40 | Crear | Knight |
| 21:48 | Construir | Palisade Gate |
| 21:53 | Construir | Palisade Wall |
| 22:15 | Crear | Knight |
| 22:21 | Investigar | Heavy Plow |
| 22:21 | Investigar | Heavy Plow |
| 22:23 | Crear | Villager (Male) |
| 22:47 | Crear | Knight ×3 |
| 23:00 | Crear | Villager (Male) |
| 23:13 | Construir | Stable |
| 23:32 | Crear | Knight |
| 23:35 | Crear | Villager (Male) |
| 23:35 | Crear | Villager (Male) |
| 23:42 | Construir | House |
| 24:04 | Crear | Knight |
| 24:05 | Crear | Knight |
| 24:06 | Crear | Villager (Male) |
Build order — Noxx
Primeras 150 de 261 acciones detectadas
| 0:01 | Crear | Villager (Male) |
| 0:01 | Crear | Villager (Male) |
| 0:02 | Construir | House |
| 0:03 | Construir | House |
| 0:43 | Crear | Villager (Male) |
| 1:15 | Crear | Villager (Male) |
| 1:17 | Crear | Villager (Male) |
| 1:44 | Construir | Lumber Camp |
| 1:57 | Crear | Villager (Male) |
| 2:20 | Crear | Villager (Male) |
| 2:48 | Crear | Villager (Male) |
| 2:48 | Crear | Villager (Male) |
| 3:24 | Crear | Villager (Male) |
| 3:41 | Crear | Villager (Male) |
| 3:41 | Crear | Villager (Male) |
| 4:13 | Construir | House |
| 4:21 | Crear | Villager (Male) |
| 4:41 | Construir | House |
| 4:42 | Construir | Palisade Wall |
| 5:01 | Crear | Villager (Male) |
| 5:20 | Crear | Villager (Male) |
| 5:33 | Construir | Mill |
| 5:39 | Construir | Palisade Wall |
| 5:40 | Crear | Villager (Male) |
| 6:06 | Crear | Villager (Male) |
| 6:30 | Crear | Villager (Male) |
| 6:52 | Crear | Villager (Male) |
| 7:06 | Construir | Palisade Wall |
| 7:10 | Crear | Villager (Male) |
| 7:52 | Construir | Mining Camp |
| 7:59 | Crear | Villager (Male) |
| 8:01 | Investigar | Feudal Age |
| 9:04 | Construir | Barracks |
| 9:39 | Construir | Palisade Wall |
| 9:46 | Construir | Palisade Wall |
| 9:52 | Construir | House |
| 9:55 | Crear | Villager (Male) |
| 9:55 | Crear | Villager (Male) |
| 10:18 | Construir | Palisade Wall |
| 10:34 | Edad | Edad Feudal |
| 10:36 | Construir | Market |
| 10:56 | Construir | Palisade Wall |
| 10:59 | Construir | Palisade Wall |
| 11:03 | Crear | Villager (Male) |
| 11:22 | Construir | Blacksmith |
| 11:35 | Construir | Palisade Wall |
| 11:37 | Construir | Palisade Wall |
| 11:44 | Investigar | Loom |
| 11:59 | Construir | House |
| 12:08 | Investigar | Castle Age |
| 12:08 | Investigar | Castle Age |
| 12:27 | Investigar | Double-Bit Axe |
| 12:31 | Construir | Farm |
| 12:32 | Construir | Farm |
| 12:44 | Construir | Farm |
| 12:46 | Construir | Farm |
| 13:14 | Construir | Archery Range |
| 13:49 | Construir | House |
| 13:50 | Crear | Archer |
| 13:51 | Crear | Archer |
| 14:14 | Construir | Archery Range |
| 14:22 | Crear | Villager (Male) |
| 14:47 | Crear | Archer |
| 14:54 | Edad | Edad de los Castillos |
| 15:06 | Crear | Villager (Male) |
| 15:11 | Investigar | Fletching |
| 15:15 | Construir | Farm |
| 15:28 | Crear | Archer |
| 15:31 | Investigar | Crossbowman (upgrade) |
| 15:38 | Crear | Villager (Male) |
| 15:43 | Construir | House |
| 15:55 | Construir | Palisade Gate |
| 16:03 | Construir | House |
| 16:11 | Crear | Archer |
| 16:11 | Crear | Archer |
| 16:17 | Construir | House |
| 16:19 | Construir | House |
| 16:20 | Construir | House |
| 16:22 | Construir | House |
| 16:24 | Construir | House |
| 16:27 | Crear | Villager (Male) |
| 16:51 | Construir | House |
| 16:54 | Construir | House |
| 16:57 | Construir | Palisade Wall |
| 17:10 | Crear | Archer |
| 17:10 | Crear | Archer |
| 17:23 | Crear | Archer |
| 17:23 | Crear | Archer |
| 17:40 | Construir | Lumber Camp |
| 18:00 | Crear | Archer |
| 18:01 | Crear | Archer |
| 18:08 | Crear | Villager (Male) |
| 18:43 | Construir | Farm |
| 18:44 | Construir | Farm |
| 18:51 | Crear | Villager (Male) |
| 18:57 | Crear | Villager (Male) |
| 19:01 | Crear | Archer |
| 19:01 | Crear | Archer |
| 19:16 | Construir | Farm |
| 19:20 | Crear | Villager (Male) |
| 19:48 | Construir | Farm |
| 19:49 | Crear | Villager (Male) |
| 19:55 | Crear | Archer |
| 19:56 | Crear | Archer |
| 20:11 | Construir | Farm |
| 20:18 | Crear | Archer |
| 20:18 | Crear | Archer |
| 20:44 | Crear | Archer |
| 20:46 | Crear | Villager (Male) |
| 20:48 | Crear | Villager (Male) |
| 21:07 | Crear | Villager (Male) |
| 21:14 | Construir | Town Center |
| 21:29 | Investigar | Bodkin Arrow |
| 21:35 | Crear | Archer |
| 21:35 | Crear | Archer |
| 21:36 | Crear | Archer |
| 22:00 | Crear | Villager (Male) |
| 22:00 | Crear | Villager (Male) |
| 22:11 | Crear | Archer |
| 22:24 | Crear | Archer |
| 22:24 | Crear | Archer |
| 22:26 | Crear | Villager (Male) |
| 22:30 | Construir | Farm |
| 22:36 | Investigar | Padded Archer Armor |
| 22:56 | Crear | Archer |
| 22:56 | Crear | Archer |
| 23:15 | Crear | Archer |
| 23:15 | Crear | Archer |
| 23:39 | Crear | Archer |
| 23:39 | Crear | Archer |
| 23:39 | Crear | Villager (Male) |
| 23:40 | Crear | Villager (Male) |
| 23:56 | Crear | Archer |
| 23:57 | Crear | Villager (Male) |
| 24:12 | Construir | House |
| 24:13 | Construir | House |
| 24:15 | Construir | House |
| 24:16 | Construir | House |
| 24:34 | Crear | Archer |
| 24:34 | Crear | Archer |
| 25:05 | Crear | Archer |
| 25:05 | Crear | Archer |
| 25:05 | Crear | Villager (Male) |
| 25:06 | Crear | Villager (Male) |
| 25:19 | Crear | Villager (Male) |
| 25:22 | Investigar | Bow Saw |
| 25:24 | Construir | House |
| 25:30 | Construir | Farm |
| 25:40 | Crear | Villager (Male) |
| 25:40 | Crear | Villager (Male) |
Cronología de la partida
| 4:11 | Didi · wall_segment Palisade Wall x5 |
| 4:13 | Didi · wall_segment Palisade Wall x4 |
| 4:42 | Noxx · wall_segment Palisade Wall x2 |
| 5:39 | Noxx · wall_segment Palisade Wall x2 |
| 6:26 | watsons_water · first_building Barracks |
| 6:34 | Čiko · wall_segment Palisade Wall x1 |
| 6:56 | OX | EleveN · first_building Barracks |
| 7:06 | Noxx · wall_segment Palisade Wall x9 |
| 7:27 | Tempest · first_building Barracks |
| 7:32 | Didi · wall_segment Palisade Wall x1 |
| 7:45 | iPink · first_building Barracks |
| 7:56 | ARKINE · first_building Barracks |
| 8:11 | Didi · first_building Barracks |
| 8:31 | Tempest · age_up feudal |
| 8:43 | OX | EleveN · age_up feudal |
| 8:45 | Tempest · first_building Stable |
| 8:48 | OX | EleveN · first_building Stable |
| 8:51 | iPink · wall_segment Palisade Wall x20 |
| 8:52 | Didi · wall_segment Palisade Wall x2 |
| 8:53 | iPink · age_up feudal |
| 8:56 | Didi · age_up feudal |
| 8:58 | ARKINE · age_up feudal |
| 9:01 | ARKINE · first_building Stable |
| 9:04 | Noxx · first_building Barracks |
| 9:10 | iPink · first_building Archery Range |
| 9:28 | Didi · first_building Archery Range |
| 9:39 | Noxx · wall_segment Palisade Wall x7 |
| 9:46 | Noxx · wall_segment Palisade Wall x7 |
| 9:46 | Čiko · wall_segment Palisade Wall x1 |
| 9:54 | Tempest · wall_segment Palisade Wall x1 |
| 10:18 | Noxx · wall_segment Palisade Wall x3 |
| 10:34 | Noxx · age_up feudal |
| 10:37 | Tempest · wall_segment Palisade Wall x1 |
| 10:39 | Tempest · wall_segment Palisade Wall x8 |
| 10:43 | Tempest · wall_segment Palisade Wall x8 |
| 10:55 | Tempest · wall_segment Palisade Wall x1 |
| 10:56 | Čiko · age_up feudal |
| 10:56 | Noxx · wall_segment Palisade Wall x7 |
| 10:59 | Noxx · wall_segment Palisade Wall x3 |
| 11:07 | Didi · wall_segment Palisade Wall x1 |
| 11:23 | Tempest · wall_segment Palisade Wall x6 |
| 11:35 | Noxx · wall_segment Palisade Wall x1 |
| 11:37 | Noxx · wall_segment Palisade Wall x1 |
| 11:50 | watsons_water · wall_segment Palisade Wall x8 |
| 11:50 | ARKINE · wall_segment Palisade Wall x1 |
| 11:52 | Didi · wall_segment Palisade Wall x8 |
| 11:56 | watsons_water · wall_segment Palisade Wall x4 |
| 12:01 | Čiko · wall_segment Palisade Wall x4 |
| 12:03 | watsons_water · wall_segment Palisade Wall x23 |
| 12:12 | watsons_water · wall_segment Palisade Wall x11 |
| 12:25 | iPink · wall_segment Palisade Wall x7 |
| 12:31 | watsons_water · wall_segment Palisade Wall x5 |
| 12:31 | ARKINE · wall_segment Palisade Wall x3 |
| 12:34 | Tempest · wall_segment Palisade Wall x16 |
| 12:40 | OX | EleveN · wall_segment Palisade Wall x1 |
| 12:42 | OX | EleveN · wall_segment Palisade Wall x3 |
| 13:06 | Didi · wall_segment Palisade Wall x4 |
| 13:14 | Noxx · first_building Archery Range |
| 13:19 | watsons_water · age_up feudal |
| 13:27 | ARKINE · wall_segment Palisade Wall x7 |
| 13:35 | Čiko · first_building Barracks |
| 13:35 | Tempest · wall_segment Palisade Wall x5 |
| 14:27 | Čiko · age_up castle |
| 14:28 | Čiko · first_building Stable |
| 14:54 | Noxx · age_up castle |
| 15:14 | Čiko · wall_segment Palisade Wall x1 |
| 15:52 | Didi · wall_segment Palisade Wall x1 |
| 16:36 | Noxx · first_market_sell 100 stone |
| 16:57 | Noxx · wall_segment Palisade Wall x1 |
| 17:44 | OX | EleveN · wall_segment Palisade Wall x1 |
| 17:46 | OX | EleveN · wall_segment Palisade Wall x1 |
| 17:47 | OX | EleveN · wall_segment Palisade Wall x1 |
| 17:56 | OX | EleveN · wall_segment Palisade Wall x1 |
| 17:56 | ARKINE · wall_segment Palisade Wall x9 |
| 17:59 | iPink · wall_segment Palisade Wall x8 |
| 17:59 | OX | EleveN · wall_segment Palisade Wall x6 |
| 18:03 | OX | EleveN · wall_segment Palisade Wall x5 |
| 18:06 | OX | EleveN · wall_segment Palisade Wall x6 |
| 18:31 | ARKINE · wall_segment Palisade Wall x8 |
| 18:56 | iPink · wall_segment Stone Wall x7 |
| 19:27 | iPink · wall_segment Palisade Wall x16 |
| 19:40 | OX | EleveN · wall_segment Palisade Wall x9 |
| 19:54 | OX | EleveN · wall_segment Palisade Wall x4 |
| 20:15 | watsons_water · first_market_buy 100 wood |
| 20:46 | watsons_water · first_market_sell 100 wood |
| 20:48 | OX | EleveN · age_up castle |
| 20:57 | Tempest · age_up castle |
| 21:26 | ARKINE · wall_segment Palisade Wall x11 |
| 21:39 | ARKINE · wall_segment Palisade Wall x10 |
| 21:45 | iPink · age_up castle |
| 21:53 | OX | EleveN · wall_segment Palisade Wall x14 |
| 21:55 | ARKINE · wall_segment Palisade Wall x6 |
| 22:38 | watsons_water · wall_segment Palisade Wall x1 |
| 22:39 | watsons_water · wall_segment Palisade Wall x1 |
| 23:14 | watsons_water · wall_segment Palisade Wall x2 |
| 23:40 | ARKINE · age_up castle |
| 23:52 | watsons_water · wall_segment Palisade Wall x1 |
| 23:53 | watsons_water · wall_segment Palisade Wall x1 |
| 25:31 | Didi · age_up castle |
| 25:36 | Didi · first_market_sell 100 food |
| 25:46 | Didi · wall_segment Palisade Wall x1 |
| 26:03 | Tempest · wall_segment Palisade Wall x3 |
| 26:04 | Čiko · first_market_sell 100 food |
| 26:04 | Čiko · first_market_buy 100 wood |
| 27:20 | ARKINE · first_building Siege Workshop |
| 27:33 | iPink · wall_segment Stone Wall x1 |
| 27:48 | Tempest · wall_segment Palisade Wall x1 |
| 27:53 | Didi · wall_segment Palisade Wall x1 |
| 27:59 | iPink · wall_segment Palisade Wall x1 |
| 28:02 | Didi · wall_segment Palisade Wall x1 |
| 28:39 | iPink · wall_segment Stone Wall x23 |
| 28:41 | Noxx · first_market_buy 100 wood |
| 29:48 | Čiko · first_building Monastery |
| 30:14 | iPink · wall_segment Stone Wall x6 |
| 30:24 | Tempest · wall_segment Palisade Wall x1 |
| 31:05 | iPink · first_building Siege Workshop |
| 32:04 | Tempest · first_market_sell 500 wood |
| 32:32 | ARKINE · wall_segment Palisade Wall x1 |
| 32:34 | ARKINE · wall_segment Palisade Wall x1 |
| 33:00 | Didi · wall_segment Stone Wall x1 |
| 33:01 | Didi · wall_segment Stone Wall x1 |
| 33:01 | Didi · wall_segment Stone Wall x2 |
| 33:01 | Didi · wall_segment Stone Wall x1 |
| 33:11 | Noxx · first_building Siege Workshop |
| 33:30 | OX | EleveN · first_building Monastery |
| 33:38 | ARKINE · wall_segment Palisade Wall x1 |
| 34:47 | Čiko · age_up imperial |
| 35:49 | Didi · first_building Castle |
| 36:09 | Didi · first_market_buy 100 stone |
| 36:16 | Noxx · resign |
[ ANÁLISIS IA · 1 CRÉDITO ]
¿Qué pasó realmente en esta partida?
Wolo.gg analiza cada decisión: build order, eco, micro, errores típicos por bracket. Análisis personalizado por WhatsApp o Discord en 30 segundos.
Guía civ
Francos
Guía mapa
Ghost Lake
Perfil
Jugador #2482423